AoeStats
← KDA HDT

Lombardia

508393034Analyzed
4v4 RM · 11d ago on Sep 22, 2026· 61m 52s· 8 players
Game mode
Random Map
Map size
Large (8 player)
Population
200
Speed
Normal
Resources
Standard
Victory
Conquest
Starting age
Dark Age
Ending age
Imperial Age
RankedLock teamsTeams togetherTeam positionsShared explorationLock speedFull tech treeHidden civsTurbo modeCheats
Victory
Defeat
🇨🇳 Sicilians · China
1961
+8
🇨🇳 Georgians · China
1895
+10
🇻🇳 Vikings · Vietnam
1759
+16
🇻🇳 Malians · Vietnam
1640
+20
🇵🇪 Shu · Peru
1793
-15
🇲🇽 Italians · Mexico
1790
-15
🇳🇿 Celts · New Zealand
1752
-13
🇦🇺 Burgundians · Australia
1685
-11
Zoschenko
10:41 Feudal Age
12:01 Double-Bit Axe
12:40 Horse Collar
15:03 Castle Age
14:52 Loom
16:01 Bow Saw
18:01 Heavy Plow
20:56 Wheelbarrow
29:25 Imperial Age
27:15 Hand Cart
27:27 Squires
27:28 Scale Mail Armor
29:36 Chain Mail Armor
29:31 Forging
31:01 Plate Mail Armor
30:57 Forging
34:25 Two-Man Saw
33:27 Arson
34:18 Iron Casting
34:16 Conscription
34:28 Fletching
36:41 Bodkin Arrow
37:46 Blast Furnace
37:45 Town Watch
38:02 Bracer
38:40 Ballistics
39:21 Chemistry
38:53 Masonry
38:23 Treadmill Crane
39:16 Padded Archer Armor
40:08 Elite Genoese Crossbowman
41:05 Leather Archer Armor
41:03 Guilds
42:49 Ring Archer Armor
42:51 Architecture
44:14 Block Printing
44:10 Redemption
44:09 Scale Barding Armor
45:08 Bombard Tower
44:44 Murder Holes
46:48 Chain Barding Armor
49:10 Coinage
49:17 Plate Barding Armor
56:03 Silk Road
57:45 Banking
59:06 Hoardings
59:43 Bloodlines
59:34 Husbandry
59:14 Light Cavalry
CL_lorecs
6:36 Loom
8:52 Feudal Age
9:56 Double-Bit Axe
14:57 Fletching
20:43 Castle Age
19:43 Gold Mining
19:34 Horse Collar
20:46 Crossbowman
21:22 Bodkin Arrow
21:38 Bow Saw
29:15 Wheelbarrow
31:23 Ballistics
35:29 Imperial Age
34:15 Stone Mining
36:18 Bracer
37:19 Chemistry
35:54 Arbalester
39:41 Bolt Magazine
39:59 Padded Archer Armor
40:05 Thumb Ring
40:37 Conscription
41:25 Hand Cart
41:55 Caravan
42:38 Leather Archer Armor
44:16 Ring Archer Armor
44:58 Elite Skirmisher
48:42 Masonry
50:12 Hoardings
52:35 Onager
54:06 Siege Engineers
55:56 Coiled Serpent Array
58:13 Man-at-Arms
59:24 Squires
XXYY
8:30 Loom
10:51 Feudal Age
14:34 Castle Age
22:13 Double-Bit Axe
26:07 Horse Collar
34:49 Wheelbarrow
35:36 Bow Saw
36:42 Stone Mining
36:55 Heavy Plow
38:07 Gold Mining
41:08 Imperial Age
40:25 Hand Cart
41:27 Capped Ram
42:01 Town Watch
42:57 Masonry
42:38 Siege Ram
43:21 Onager
45:06 Chemistry
44:28 Fletching
45:12 Bodkin Arrow
45:44 Heavy Scorpion
48:34 Siege Engineers
48:51 Caravan
50:12 Ballistics
51:12 Furor Celtica
52:49 Scale Mail Armor
53:00 Forging
52:38 Pikeman
54:25 Halberdier
55:25 Chain Mail Armor
56:14 Iron Casting
56:52 Plate Mail Armor
58:09 Iron Casting
60:52 Conscription
Kaydos
4:09 Double-Bit Axe
5:06 Loom
8:58 Feudal Age
9:53 Bow Saw
10:34 Horse Collar
12:05 Heavy Plow
23:52 Castle Age
22:03 Stone Mining
22:05 Gold Mining
22:41 Scale Barding Armor
24:07 Stone Shaft Mining
24:08 Gold Shaft Mining
24:18 Forging
24:15 Light Cavalry
25:30 Chain Barding Armor
27:03 Two-Man Saw
26:57 Wheelbarrow
27:41 Husbandry
33:41 Two-Man Saw
34:04 Burgundian Vineyards
35:26 Hand Cart
37:46 Imperial Age
36:19 Crop Rotation
36:54 Iron Casting
37:17 Hand Cart
37:31 Town Watch
39:05 Plate Barding Armor
38:04 Sappers
38:55 Conscription
39:08 Fortified Wall
38:27 Elite Coustillier
40:44 Chemistry
40:31 Hoardings
41:15 Blast Furnace
41:00 Fletching
41:32 Ballistics
41:23 Masonry
41:44 Guilds
44:00 Caravan
44:13 Bodkin Arrow
50:06 Murder Holes
50:42 Architecture
50:13 Bracer
55:25 Devotion
59:57 Scale Mail Armor
61:17 Chain Mail Armor
60:26 Pikeman
61:21 Squires
邪恶菜菜虎
5:57 Loom
8:53 Feudal Age
9:36 Double-Bit Axe
9:40 Horse Collar
14:30 Scale Barding Armor
15:56 Bloodlines
17:03 Forging
18:26 Wheelbarrow
22:21 Castle Age
20:45 Gold Mining
23:22 Chain Barding Armor
23:22 Bow Saw
23:17 Husbandry
26:49 Stone Mining
29:00 Hand Cart
31:19 Iron Casting
36:00 Imperial Age
35:22 Svan Towers
35:50 Guard Tower
36:22 Ballistics
35:56 Fletching
36:48 Stone Shaft Mining
36:45 Bodkin Arrow
37:59 Chemistry
37:32 Conscription
38:07 Plate Barding Armor
37:16 Cavalier
39:31 Blast Furnace
39:15 Keep
39:07 Treadmill Crane
39:40 Masonry
39:35 Bracer
40:34 Light Cavalry
41:48 Caravan
44:06 Hussar
48:25 Architecture
51:15 Aznauri Cavalry
51:46 Heavy Plow
KDA HDT
11:00 Feudal Age
15:24 Castle Age
13:50 Double-Bit Axe
15:58 Crossbowman
17:30 Fletching
18:53 Bodkin Arrow
20:17 Padded Archer Armor
23:28 Ballistics
23:55 Horse Collar
26:52 Loom
27:54 Bow Saw
28:51 Leather Archer Armor
29:03 Gold Mining
29:11 Town Watch
34:59 Imperial Age
34:01 Gold Shaft Mining
35:02 Arbalester
35:44 Bracer
36:45 Chemistry
36:34 Fortified Wall
39:59 Capped Ram
41:04 Bogsveigar
41:24 Conscription
41:00 Siege Ram
43:08 Onager
44:00 Siege Engineers
44:18 Caravan
45:24 Ring Archer Armor
47:04 Elite Skirmisher
50:55 Masonry
52:00 Squires
51:21 Man-at-Arms
52:02 Scale Mail Armor
52:12 Forging
52:45 Long Swordsman
53:10 Gambesons
53:11 Arson
53:42 Chain Mail Armor
53:21 Two-Handed Swordsman
54:02 Champion
55:39 Plate Mail Armor
56:48 Iron Casting
56:16 Chieftains
58:23 Guard Tower
58:19 Arrowslits
59:05 Architecture
60:15 Murder Holes
RTMaxwell
8:21 Loom
10:33 Feudal Age
11:04 Feudal Age
15:15 Castle Age
13:04 Double-Bit Axe
14:02 Horse Collar
16:28 Bow Saw
23:40 Town Watch
25:22 Wheelbarrow
28:04 Hand Cart
29:45 Gold Mining
32:54 Imperial Age
31:01 Scale Mail Armor
30:40 Pikeman
31:41 Squires
32:48 Chain Mail Armor
33:21 Forging
34:19 Plate Mail Armor
33:37 Halberdier
35:02 Conscription
34:19 Capped Ram
35:55 Iron Casting
35:07 Arson
36:19 First Crusade
36:03 Elite Serjeant
37:51 Blast Furnace
36:58 Fletching
37:39 Heavy Plow
38:18 Ballistics
38:08 Onager
39:36 Siege Engineers
40:21 Siege Onager
44:13 Chemistry
43:22 Caravan
43:54 Bodkin Arrow
44:38 Siege Ram
45:33 Bracer
45:56 Devotion
46:19 Siege Ram
47:40 Crop Rotation
47:17 Scale Barding Armor
47:22 Stone Mining
48:08 Gold Shaft Mining
48:24 Chain Barding Armor
48:50 Masonry
50:35 Plate Barding Armor
58:37 Coinage
57:49 Light Cavalry
58:29 Husbandry
61:08 Banking
61:42 Bloodlines
60:59 Cavalier
Đà Lạt
9:44 Feudal Age
14:43 Castle Age
12:53 Double-Bit Axe
30:17 Wheelbarrow
31:38 Loom
32:10 Hand Cart
36:33 Imperial Age
34:39 Forging
35:06 Scale Mail Armor
36:11 Iron Casting
36:44 Chain Mail Armor
38:19 Elite Gbeto
39:54 Plate Mail Armor
40:25 Conscription
40:31 Capped Ram
42:52 Bow Saw
42:34 Gold Mining
42:34 Stone Mining
42:31 Horse Collar
44:56 Squires
46:46 Farimba
48:51 Heavy Camel Rider
49:48 Bloodlines
49:43 Husbandry
52:08 Light Cavalry
52:55 Scale Barding Armor
54:44 Guilds
55:22 Chain Barding Armor
55:12 Caravan
57:40 Plate Barding Armor
Connection lost

Rejoining the realm…

Still unreachable

The connection could not be restored.

Session expired

The server has moved on; the page needs a fresh start.